 Dungeon Crawl Stone Soup version 0.31.0-32-g396128a36d (webtiles) character file.

Game seed: 178592900255088440

7573 Peloso the Carver (level 10, -3/75 (90) HPs)
             Began as a Minotaur Fighter on Mar 24, 2024.
             Was a Believer of Okawaru.
             Killed from afar by a laughing skull (11 damage)
             ... with a bolt of negative energy
             ... on level 9 of the Dungeon.
             The game lasted 00:23:02 (9847 turns).

Peloso the Carver (Minotaur Fighter)                Turns: 9847, Time: 00:23:02

HP:   -3/75 (90)    AC: 14    Str: 21    XL:     10   Next: 97%
MP:   9/9           EV: 13    Int:  5    God:    Okawaru [**....]
Gold: 408           SH: 12    Dex: 19    Spells: 9/9 levels left

rFire   . . .        a - +0 long sword (vamp)
rCold   . . .        d - +0 kite shield
rNeg    . . .        C - +2 ring mail "Peahesyx" {Dex+5}
rPois   .            (helmet restricted)
rElec   .            (no cloak)
rCorr   .            c - +0 pair of gloves
SInv    .            u - +2 pair of boots
Will    .....        B - amulet of regeneration
Stlth   ++           (no ring)
HPRegen 1.12/turn    (no ring)
MPRegen 0.11/turn

%: no passive effects
@: studying Stealth, heavily drained
A: horns 2, retaliatory headbutt
a: Renounce Religion, Heroism


You were on level 9 of the Dungeon.
You worshipped Okawaru.
Okawaru was pleased with you.
You visited 2 branches of the dungeon, and saw 10 of its levels.
You also visited: Ossuary.

You collected 408 gold pieces.

Inventory:

Hand Weapons
 a - a +0 vampiric long sword (weapon)
 b - the +7 spear of the Keeping Shrike {vamp, rC++ Stlth-}
   (You found it on level 5 of the Dungeon)

   rC++:      It greatly protects you from cold.
   Stlth-:    It makes you less stealthy.
Missiles
 x - 7 throwing nets (quivered)
Armour
 c - a +0 pair of gloves (worn)
 d - a +0 kite shield (worn)
 t - a +0 plate armour
 u - a +2 pair of boots (worn)
 C - the +2 ring mail "Peahesyx" (worn) {Dex+5}
   (You found it on level 6 of the Dungeon)

   Dex+5:     It affects your dexterity (+5).
Jewellery
 n - an amulet of the acrobat
 v - a ring of fire
 B - an amulet of regeneration (around neck)
Talismans
 m - a serpent talisman
 p - a storm talisman
 y - a maw talisman
Wands
 h - a wand of mindburst (7)
 A - a wand of charming (13)
 H - a wand of flame (12)
 K - a wand of roots (6)
 L - a wand of digging (3)
Scrolls
 j - 3 scrolls of blinking
 l - a scroll of enchant weapon
 q - a scroll of fear
 r - a scroll of poison
 E - 2 scrolls of teleportation
 F - a scroll of vulnerability {unknown}
 G - a scroll of fog
 I - a scroll of brand weapon
 J - a scroll of identify
 M - a scroll of silence {unknown}
Potions
 e - 2 potions of might
 f - 3 potions of attraction
 g - 2 potions of magic
 i - 6 potions of curing
 k - 2 potions of haste
 o - 2 potions of resistance
 s - 3 potions of mutation
 w - 2 potions of enlightenment {unknown}
 z - 2 potions of degeneration {unknown}
 D - 2 potions of brilliance {unknown}
 N - a potion of lignification


   Skills:
 + Level 8.8 Fighting
 + Level 12.5 Long Blades
 + Level 10.0 Armour
 + Level 5.0 Dodging
 + Level 2.1 Stealth
 + Level 8.8 Shields
 + Level 0.7 Invocations


You had 9 spell levels left.
You didn't know any spells.
Your spell library contained the following spells:

 Spells                   Type           Power      Damage    Failure   Level
 Freeze                   Ice            0%         1d3       83%         1
 Blink                    Tloc           0%         N/A       93%         2
 Lesser Beckoning         Tloc           0%         N/A       93%         2
 Momentum Strike          Conj/Tloc      0%         3d8       93%         2
 Frozen Ramparts          Ice            0%         1d1       99%         3
 Hailstorm                Conj/Ice       0%         3d5       99%         3
 Dimensional Bullseye     Hex/Tloc       0%         N/A       100%        4
 Iskenderun's Mystic Bla  Conj/Tloc      0%         2d3       100%        4
 Tukima's Dance           Hex            Unusable   N/A       N/A         3

Dungeon Overview and Level Annotations

Branches:
Dungeon (9/15)             Temple (1/1) D:6         Ossuary (visited)
   Lair: D:8-11         Orc: D:9-12

Altars:
Ashenzari
Cheibriados
Dithmenos
Elyvilon
Fedhas
Gozag
Hepliaklqana
Kikubaaqudgha
Makhleb
Nemelex Xobeh
Okawaru
Qazlal
Ru
Sif Muna
Trog
Uskayaw
Vehumet
Xom
Yredelemnul
Zin
The Shining One

Shops:
D:7 *   D:8 [

Annotations:
D:4 Dig
D:6 1 runed translucent door, zxspectator's ghost, novice GrFi
D:7 3 runed translucent doors, Quickbrownfox's ghost, novice OpSh


Innate Abilities, Weirdness & Mutations

You have a pair of horns on your head.
You reflexively headbutt those who attack you in melee.


Message History

The wyvern hisses angrily.
A wyvern is nearby!
You block the wyvern's attack.
You slash the wyvern! Your headbutt misses the wyvern.
The wyvern is moderately wounded.
The wyvern misses you.
You hit the wyvern but do no damage.
The wyvern is moderately wounded.
The wyvern misses you.
You closely miss the wyvern. You headbutt the wyvern!
The wyvern is severely wounded.
The wyvern barely misses you.
You slash the wyvern!
You kill the wyvern!
Okawaru accepts your kill.
A laughing skull comes into view.
A laughing skull is nearby!
A laughing skull is nearby!
A laughing skull comes into view.
The laughing skull gives a hideous shriek!
Found a stormy altar of Qazlal.
The laughing skull cackles spitefully.
The bolt of negative energy hits you!
You feel drained.
The laughing skull lets out a vicious peal of laugher.
The bolt of negative energy hits you!!
You feel drained.
You miss the laughing skull.
The laughing skull lets out a vicious peal of laugher.
The bolt of negative energy hits you!!
You feel drained. The laughing skull headbutts you!
You barely miss the laughing skull.
The laughing skull gibbers with scorn.
The bolt of negative energy hits you!
You feel drained.
* * * LOW HITPOINT WARNING * * *
The laughing skull headbutts you.
* * * LOW HITPOINT WARNING * * *
You hit the laughing skull but do no damage.
The laughing skull cackles spitefully.
The bolt of negative energy hits you!
You feel drained.
You die...
The laughing skull crumbles to pieces from sheer joy.

..#####.# #.#.# #..........
......#.# #.#.# #..........
....!..#.# #.#.# #..........
........#.###.#.#####..#######.
........#.#...#........# #.
.......##...#.#........# #.
....#########......P..## #. ..
#....PPPP.# #. #.@zPP_PP.# #.
#.z.PP.PP.# ## ......P.P..# #
###.....§...# #..#§#.§..
#..#.§§... #..#.≈_§§§
#..#^≈≈#§§


You could see 2 laughing skulls.

Vanquished Creatures
  Pikel (D:8)
  A black mamba (shapeshifter) (D:8)
  Jeremiah (D:8)
  A hornet (D:9)
  Grinder (D:5)
  A slime creature (D:8)
  Eustachio (D:6)
  Sigmund (D:6)
  8 yaks
  A wyvern (D:9)
  Grum (D:4)
  Edmund (D:5)
  Duvessa (D:6)
  2 water moccasins (D:8)
  2 black bears
  2 sky beasts
  An ice beast (D:5)
  2 orc warriors
  A centaur (D:7)
  A wolf (D:5)
  3 lemures (D:8)
  A phantom (D:5)
  2 bullfrogs
  5 gnoll sergeants
  8 scorpions
  Dowan (D:6)
  4 killer bees
  3 centaur zombies (Ossuary)
  A crimson imp (D:8)
  A howler monkey (D:8)
  14 hounds
  3 human zombies (Ossuary)
  3 bombardier beetles
  3 orc priests
  2 gnoll boudas (D:5)
  5 iguanas
  5 scorpion zombies (Ossuary)
  Ijyb (D:5)
  An orc wizard (D:6)
  4 mummies
  32 gnolls
  8 adders
  2 shadow imps
  2 adder zombies (Ossuary)
  A dart slug (D:2)
  24 orcs
  8 endoplasms
  A giant cockroach (D:1)
  A gnoll zombie (Ossuary)
  4 goblins
  2 hobgoblins
  9 jackals
  A quokka (D:3)
  3 ball pythons
  A ball python zombie (Ossuary)
  7 bats
  3 frilled lizards
  A goblin zombie (D:4)
  A jackal zombie (Ossuary)
  11 kobolds
  4 orc zombies
  5 rats
232 creatures vanquished.

Notes
Turn   | Place    | Note
-------+----------+-------------------------------------------
     0 | D:1      | Peloso the Minotaur Fighter began the quest for the Orb.
     0 | D:1      | Reached XP level 1. HP: 19/19 MP: 0/0
    59 | D:1      | Reached XP level 2. HP: 23/27 MP: 1/1
   636 | D:2      | Found a bloodstained altar of Trog.
   647 | D:2      | Reached XP level 3. HP: 31/33 MP: 2/2
  1059 | D:2      | Noticed a scorpion
  1079 | D:2      | HP: 1/33 [scorpion (1)]
  1081 | D:2      | Killed a scorpion
  1082 | D:2      | Reached skill level 3 in Long Blades
  1082 | D:2      | Reached XP level 4. HP: 3/41 MP: 3/3
  2189 | D:4      | Reached XP level 5. HP: 47/47 MP: 4/4
  2219 | D:4      | Reached skill level 4 in Long Blades
  2306 | D:4      | Found a sand-covered staircase.
  2313 | D:4      | Reached skill level 5 in Armour
  2322 | D:4      | Reached skill level 1 in Dodging
  2328 | Ossuary  | Entered an ossuary
  2374 | Ossuary  | Reached XP level 6. HP: 51/55 MP: 5/5
  2417 | Ossuary  | Reached skill level 5 in Fighting
  2417 | Ossuary  | Reached skill level 5 in Long Blades
  2648 | Ossuary  | Reached XP level 7. HP: 61/61 MP: 6/6
  2682 | Ossuary  | Reached skill level 6 in Long Blades
  2854 | Ossuary  | Reached skill level 5 in Shields
  2856 | Ossuary  | Reached skill level 7 in Long Blades
  3527 | D:4      | Reached XP level 8. HP: 68/70 MP: 7/7
  3904 | D:4      | Reached skill level 8 in Long Blades
  4479 | D:5      | Entered Level 5 of the Dungeon
  4510 | D:4      | Reached skill level 1 in Stealth
  4708 | D:5      | Noticed Grinder
  4724 | D:5      | Paralysed by Grinder for 5 turns
  4734 | D:5      | Killed Grinder
  4738 | D:5      | Noticed Grum
  4755 | D:4      | Killed Grum
  4982 | D:4      | Reached skill level 9 in Long Blades
  5517 | D:5      | Reached XP level 9. HP: 72/78 MP: 8/8
  5954 | D:5      | Noticed Ijyb
  5955 | D:5      | Noticed Edmund
  5989 | D:5      | Reached skill level 10 in Long Blades
  6117 | D:5      | Killed Edmund
  6159 | D:5      | Killed Ijyb
  6495 | D:5      | Identified the +7 spear of the Keeping Shrike {vamp, rC++
                  | Stlth-}
  7049 | D:6      | Noticed Sigmund
  7053 | D:6      | Killed Sigmund
  7111 | D:6      | Found a staircase to the Ecumenical Temple.
  7115 | D:6      | Identified the +2 ring mail "Peahesyx" {Dex+5}
  7118 | Temple   | Entered the Ecumenical Temple
  7132 | Temple   | Became a worshipper of Warmaster Okawaru
  7335 | D:6      | Noticed Eustachio
  7360 | D:6      | Killed Eustachio
  7360 | D:6      | Reached * piety under Okawaru
  7386 | D:6      | Identified the +1 robe of the Lonely Wars {rElec rF+
                  | Archmagi}
  7388 | D:6      | Noticed Duvessa
  7388 | D:6      | Noticed Dowan
  7396 | D:6      | Killed Dowan
  7397 | D:6      | Reached skill level 11 in Long Blades
  7404 | D:6      | Killed Duvessa
  7437 | D:6      | Found a runed translucent door.
  7437 | D:6      | Noticed zxspectator's ghost (novice GrFi)
  7819 | D:7      | Noticed Quickbrownfox's ghost (novice OpSh)
  7819 | D:7      | Found a runed translucent gate.
  7819 | D:7      | Found a runed translucent gate.
  7819 | D:7      | Found a runed translucent gate.
  7819 | D:7      | Found an opulent altar of Gozag.
  7900 | D:7      | Found Suqu Poa's Elemental Accessories.
  8048 | D:7      | Reached XP level 10. HP: 88/88 MP: 9/9
  8532 | D:8      | Noticed Jeremiah
  8595 | D:8      | Noticed a black mamba
  8601 | D:8      | Killed a black mamba
  8644 | D:8      | Found a shimmering altar of Xom.
  8661 | D:8      | Found a burning altar of Makhleb.
  8781 | D:8      | Found Leklokh's Antique Armour Shoppe.
  8889 | D:8      | Noticed Pikel
  8909 | D:8      | Killed Pikel
  9067 | D:8      | Killed Jeremiah
  9068 | D:8      | Reached skill level 12 in Long Blades
  9095 | D:8      | Reached ** piety under Okawaru
  9186 | D:8      | Found an ancient bone altar of Kikubaaqudgha.
  9197 | D:8      | Found a shadowy altar of Dithmenos.
  9204 | D:8      | Found a glowing silver altar of Zin.
  9211 | D:8      | Found a sacrificial altar of Ru.
  9217 | D:8      | Found a hide-covered altar of Uskayaw.
  9225 | D:8      | Found a radiant altar of Vehumet.
  9230 | D:8      | Found a shimmering blue altar of Sif Muna.
  9526 | D:8      | Reached skill level 10 in Armour
  9753 | D:9      | Reached skill level 5 in Dodging
  9793 | D:9      | Found a blossoming altar of Fedhas.
  9843 | D:9      | Found a stormy altar of Qazlal.
  9847 | D:9      | Killed from afar by a laughing skull

Illustrated notes

Levels and vault maps discovered:
D:1:      dpeg_arrival_tiny_i, layout_rooms, serial_curves, eino_curves_02,
          eino_curves_01
D:2:      layout_loops_ring, basic_altar
D:3:      layout_loops_ring
D:4:      layout_basic, nicolae_ossuary_entry_giza, due_unseen_surprise
D:5:      layout_cave_pools, serial_gnoll_camp, gnoll_camp_mini_loothouse,
          grums_kennel, gnoll_camp_mini_doghouse, gnoll_camp_huts_moat,
          gnoll_camp_mini_house, minmay_pentangle, uniq_edmund, uniq_ijyb,
          uniq_grinder
D:6:      layout_basic, minmay_temple_entry_ruins,
          hellmonk_ghost_happy_afterlife, chequers_serial_rivers_micro_a,
          uniq_eustachio, uniq_duvessa, uniq_sigmund
D:7:      layout_rooms, serial_co_window_serial, co_window_paths_b,
          co_window_paths_b, co_window_paths_a, co_window_of_opportunity_a,
          co_window_corner_a, co_window_corner_a, co_window_paths_a,
          co_window_broadway_a, co_window_broadway_c, co_window_cross_3,
          ebering_ghost_gozag, nicolae_elemental_shop
D:8:      layout_basic, grunt_temple_overflow_champion_of_chaos,
          grunt_temple_overflow_octagram, serial_shops, nicolae_shop_scrapyard,
          minmay_manual_monstrance, uniq_pikel, uniq_grum, uniq_jeremiah
D:9:      minmay_slanted_spiral_squares, layout_irregular_city,
          grunt_temple_overflow_forces_of_nature,
          mainiacjoe_overflow_concentric_impassable, serial_co_window_serial,
          co_window_paths_a, co_window_corner_a, co_window_paths_a,
          co_window_of_opportunity_a, co_window_of_opportunity_a,
          co_window_paths_a, co_window_paths_b, co_window_of_opportunity_a,
          co_window_paths_b, co_window_corner_ca, co_window_unsneaky_path_b,
          co_window_unsneaky_path_a, co_window_paths_d, glass_columns_b,
          uniq_erolcha, uniq_maggie
Temple:   nicolae_temple_bog_church

Skill      XL: |  1  2  3  4  5  6  7  8  9 10 |
---------------+-------------------------------+-----
Shields        | 4 5 6 8 |  8.8
Fighting       | 4 5 6 7 8 |  8.8
Armour         | 4 5 6 7 9 10 | 10.0
Long Blades    | 3 4 5 7 9 11 12 | 12.5
Dodging        | 1 2 3 5 |  5.0
Stealth        | 1 2 |  2.1
Invocations    | |  0.7

Action                     |  1- 3 |  4- 6 |  7- 9 | 10-12 || total
---------------------------+-------+-------+-------+-------++-------
  Melee: Long sword        |    88 |   100 |   452 |   200 ||   840
         Headbutt          |    12 |    19 |   109 |    49 ||   189
 Invoke: Heroism           |       |       |       |     4 ||     4
    Use: Potion            |     3 |     1 |       |     1 ||     5
         Scroll            |       |     3 |    11 |       ||    14
   Stab: Sleeping          |       |       |     1 |       ||     1
 Armour: Scale mail        |    60 |    88 |    95 |       ||   243
         Chain mail        |       |       |   159 |       ||   159
         Ring mail         |       |       |    51 |    93 ||   144
  Dodge: Dodged            |    48 |    48 |   262 |    79 ||   437
  Block: Buckler           |    17 |    31 |   139 |       ||   187
         Kite shield       |       |       |     1 |    97 ||    98
